 Dungeon Crawl Stone Soup version 0.26-b1-32-g5d43845318 (webtiles) character file.

Game seed: 8324504254583312750

25 radhat240 the Magician (level 2, -2/15 HPs)
             Began as a Deep Elf Hedge Wizard on Jan 6, 2021.
             Slain by a gnoll
             ... wielding a +0 spear
              (3 damage)
             ... on level 3 of the Dungeon.
             The game lasted 00:07:22 (457 turns).

radhat240 the Magician (Deep Elf Hedge Wizard)       Turns: 457, Time: 00:07:23

Health: -2/15      AC:  2    Str:  7    XL:     2   Next: 86%
Magic:  1/9        EV: 13    Int: 18    God:
Gold:   24         SH:  0    Dex: 14    Spells: 9/10 levels left

rFire    . . .     SeeInvis .   a - +1 dagger
rCold    . . .     Faith    .   (no shield)
rNeg     . . .     Spirit   .   b - +0 robe
rPois    .         Reflect  .   c - +0 hat
rElec    .         Harm     .   (no cloak)
rCorr    .         Rampage  .   (no gloves)
Will     .....                  (no boots)
Stlth    ++........             d - amulet of the acrobat
HPRegen  0.05/turn              (no ring)
MPRegen  0.11/turn              (no ring)

@: no status effects
A: no striking features
a: no special abilities


You were on level 3 of the Dungeon.
You visited 1 branch of the dungeon, and saw 3 of its levels.

You collected 24 gold pieces.

Inventory:

Hand Weapons
 a - a +1 dagger (weapon)
Armour
 b - a +0 robe (worn)
 c - a +0 hat (worn)
Jewellery
 d - an amulet of the acrobat (around neck)
Scrolls
 g - a scroll of amnesia
Potions
 e - a potion of haste


   Skills:
 + Level 2.8 Dodging
 + Level 2.7 Stealth
 + Level 4.6 Spellcasting
 + Level 1.7 Conjurations
 + Level 1.5 Summonings
 + Level 1.6 Translocations


You had 9 spell levels left.
You knew the following spells:

 Your Spells              Type           Power        Failure   Level
a - Magic Dart            Conj           40%          7%          1

Your spell library contained the following spells:

 Spells                   Type           Power        Failure   Level
 Blink                    Tloc           N/A          11%         2
 Call Imp                 Summ           9%           11%         2
 Slow                     Hex            4%           22%         2
 Conjure Flame            Conj/Fire      7%           28%         3
 Mephitic Cloud           Conj/Pois/Air  6%           32%         3


Dungeon Overview and Level Annotations

Branches:
Dungeon (3/15)

Altars:
Yredelemnul

Annotations:
D:2 Sigmund


Message History

You fall into a shaft and drop 1 floor!
The shaft crumbles and collapses. 2 gnolls and a shadow imp come into view.
The shadow imp shouts!
The gnoll shouts! x2
An ooze comes into view.
A hobgoblin comes into view. It is wielding a +0 club.
The gnoll hits you with a +0 spear!
Ouch! That really hurt!
* * * LOW HITPOINT WARNING * * *
You hear a shout!
Found a whip.
A bat and a gnoll come into view.
The gnoll shouts!
You hear a shout!
The gnoll barely misses you. The gnoll completely misses you.
The gnoll completely misses you. The gnoll completely misses you.
You are too injured to fight recklessly!
You barely miss the gnoll.
The gnoll hits you from afar with a +0 spear.
You die...

,****,,,≈≈≈≈≈≈≈≈≈≈≈≈≈≈*,,******,*
,**,,,*≈≈≈≈≈≈≈≈≈≈≈≈≈≈≈*,** *,*
,**,,,*≈≈≈≈≈≈≈≈≈≈≈≈≈≈**,* *,*
,**,,,,≈≈≈≈≈≈≈≈≈≈≈≈♣♣#*,# **,*
,,,,,,,,≈≈≈≈≈≈≈≈≈*♣≈.##.* *,,,
*,*,*,,***≈≈≈≈≈**♣♣....,* *,,,
*,*,*,*****≈≈≈≈♣♣♣...#*** *,,,
,,,,,,* *,,≈≈**♣.##..### *****,,,
*,*,*,* *,,,≈**#@ggb...#**,,,,,,,
*,*,*,* *......J..#........,,,,,,
*,,,,,* *.....###g#..#.###),,,,,,
*,*,*** *....,,,.....#,# ***,,,,,
*,*,* *###***##.####,* *,*,,,
,,,,** #.#***,* *,*,,, ,,,,,*
#..,,,,* *,*,,, *,**,** #.#*****
*,,,,, *,*,>,*** *******,* *,*,,,


You could see 3 gnolls, an ooze and a bat.

Vanquished Creatures
  An adder (D:2)
  2 leopard geckos
  A ball python (D:2)
  A bat (D:2)
  2 goblins
  2 hobgoblins
  3 frilled lizards (D:2)
  3 rats (D:2)
15 creatures vanquished.

Notes
Turn   | Place    | Note
-------+----------+-------------------------------------------
     0 | D:1      | radhat240 the Deep Elf Hedge Wizard began the quest for the
                  | Orb.
     0 | D:1      | Reached XP level 1. HP: 10/10 MP: 7/7
     5 | D:1      | You fall into a shaft and drop 1 floor!
    11 | D:2      | Found a basalt altar of Yredelemnul.
    66 | D:2      | Reached XP level 2. HP: 15/15 MP: 2/9
   249 | D:2      | Noticed Sigmund
   433 | D:1      | You fall into a shaft and drop 1 floor!
   453 | D:2      | You fall into a shaft and drop 1 floor!
   457 | D:3      | Slain by a gnoll

Illustrated notes

Levels and vault maps discovered:
D:1:      lightli_arrival_statuegarden, layout_basic
D:2:      layout_rooms, yredelemnul_altar_generic, minmay_liquid_box,
          uniq_sigmund
D:3:      layout_loops_cross, serial_bayou_lagoon_b

Action                   || total
-------------------------++-------
Melee: Dagger            ||     1
 Cast: Magic Dart        ||    43
  Use: Scroll            ||     4
       Potion            ||     1
Dodge: Dodged            ||     9
